Map: Rooftop Terrace

Players

UnknownHero - Winner!

  • Race: Protoss Protoss
  • Spawn Location: 11:00

Buksna - Winner!

  • Race: Zerg Zerg
  • Spawn Location: 12:00

Miluga - Winner!

  • Race: Terran Terran
  • Spawn Location: 12:00

HerurgRuSpb - Winner!

  • Race: Terran Terran
  • Spawn Location: 1:00

Rugi

  • Race: Zerg Zerg
  • League: Master
  • Spawn Location: 7:00

dallaskuken

  • Race: Protoss Protoss
  • League: Platinum
  • Spawn Location: 6:00

Loken

  • Race: Protoss Protoss
  • League: Platinum
  • Spawn Location: 5:00

FrogMint

  • Race: Zerg Zerg
  • Spawn Location: 6:00

VOD

Have the link to the VOD?

Description

Time

  • Played on: March 13, 2017, 8:37 p.m.
  • Length: 16:06
Show
View Real Time Build Order
Export as new Build Order

UnknownHero Protoss - Winner!

Build Orders: 1 Gate Expand, Carrier Rush 

Get SALT Encoding   

  12  0:01  Probe (Chrono Boost)  
  13  0:13  Pylon  
  13  0:20  Probe (Chrono Boost)  
  14  0:31  Probe (Chrono Boost)  
  14  0:34  Gateway  
  15  0:42  Probe (Chrono Boost)  
  16  0:48  Assimilator  
  16  0:52  Probe (Chrono Boost)  
  17  1:03  Probe (Chrono Boost)  
  18  1:13  Probe (Chrono Boost)  
  19  1:29  Nexus  
  20  1:37  Cybernetics Core  
  20  1:39  Probe (Chrono Boost)  
  20  1:49  Probe (Chrono Boost)  
  20  1:53  Pylon  
  21  2:00  Probe (Chrono Boost)  
  22  2:10  Assimilator, Probe (Chrono Boost)  
  23  2:21  Mothership Core (Chrono Boost)  
  25  2:40  Probe (Chrono Boost)  
  26  2:44  Stargate  
  26  2:50  Probe (Chrono Boost)  
  27  2:54  Nexus  
  27  2:57  Probe (Chrono Boost)  
  28  3:01  Probe (Chrono Boost)  
  29  3:08  Probe (Chrono Boost)  
  29  3:11  Probe (Chrono Boost)  
  31  3:18  Probe (Chrono Boost)  
  32  3:21  Pylon  
  32  3:23  Probe (Chrono Boost)  
  33  3:35  Fleet Beacon  
  33  3:36  Probe (Chrono Boost)  
  33  3:39  Probe (Chrono Boost)  
  35  3:46  Probe (Chrono Boost)  
  36  3:49  Probe (Chrono Boost)  
  36  3:51  Protoss Air Weapons Level 1  
  37  3:56  Assimilator  
  37  3:57  Probe (Chrono Boost)  
  37  4:00  Probe (Chrono Boost)  
  39  4:07  Probe (Chrono Boost)  
  40  4:10  Carrier, Probe (Chrono Boost)  
  40  4:13  Probe (Chrono Boost)  
  42  4:19  Probe (Chrono Boost)  
  49  4:27  Forge, Probe (Chrono Boost)  
  49  4:28  Probe (Chrono Boost)  
  52  4:31  Probe (Chrono Boost)  
  52  4:35  Assimilator  
  54  4:38  Probe x2 (Chrono Boost)  
  54  4:43  Probe (Chrono Boost)  
  55  4:49  Stargate  
  55  4:50  Probe x2 (Chrono Boost)  
  57  4:54  Pylon  
  57  4:56  Probe (Chrono Boost)  
  58  5:00  Probe (Chrono Boost)  
  58  5:03  Probe (Chrono Boost)  
  61  5:08  Probe (Chrono Boost)  
  61  5:12  Pylon  
  61  5:13  Probe (Chrono Boost)  
  63  5:15  Probe (Chrono Boost)  
  63  5:20  Graviton Catapult, Probe (Chrono Boost)  
  64  5:24  Probe (Chrono Boost)  
  64  5:27  Photon Cannon  
  65  5:29  Pylon  
  65  5:32  Phoenix  
  65  5:33  Photon Cannon  
  65  5:34  Probe (Chrono Boost)  
  65  5:35  Pylon, Probe x2 (Chrono Boost)  
  70  5:43  Photon Cannon  
  70  5:45  Probe (Chrono Boost)  
  70  5:47  Probe x2 (Chrono Boost)  
  71  5:52  Carrier, Assimilator  
  71  5:55  Assimilator, Probe (Chrono Boost)  
  72  5:59  Pylon, Probe (Chrono Boost)  
  72  6:00  Pylon  
  79  6:06  Carrier  
  85  6:11  Protoss Air Weapons Level 2  
  85  6:18  Probe (Chrono Boost)  
  88  6:19  Probe x2 (Chrono Boost)  
  88  6:25  Photon Cannon  
  88  6:28  Probe (Chrono Boost)  
  88  6:29  Photon Cannon  
  88  6:31  Probe x2 (Chrono Boost)  
  91  6:37  Stargate  
  91  6:39  Probe (Chrono Boost)  
  92  6:40  Pylon  
  92  6:43  Probe x2 (Chrono Boost)  
  94  6:49  Probe (Chrono Boost)  
  97  6:55  Probe x2 (Chrono Boost)  
  97  7:03  Pylon  
  97  7:05  Pylon  
  97  7:07  Carrier  
  97  7:16  Photon Cannon  
  97  7:20  Probe (Chrono Boost)  
  104  7:26  Carrier, Nexus  
  104  7:30  Pylon  
  104  7:31  Pylon  
  104  7:33  Pylon  
  104  7:34  Carrier  
  104  7:36  Assimilator  
  110  7:42  Assimilator  
  116  7:45  Pylon  
  116  7:47  Pylon  
  116  7:54  Twilight Council  
  116  7:56  Pylon  
  116  7:57  Pylon  
  116  8:00  Protoss Shields Level 1  
  116  8:15  Stargate  
  116  8:16  Photon Cannon  
  116  8:18  Photon Cannon  
  116  8:19  Photon Cannon  
  116  8:21  Photon Cannon  
  116  8:22  Photon Cannon x2  
  116  8:23  Photon Cannon  
  116  8:26  Pylon  
  116  8:27  Pylon  
  116  8:28  Photon Cannon x2  
  116  8:30  Photon Cannon  
  116  8:45  Carrier  
  122  9:04  Photon Cannon  
  122  9:07  Photon Cannon  
  122  9:09  Carrier, Photon Cannon  
  122  9:14  Carrier  
  122  9:15  Carrier  
  128  9:23  Probe (Chrono Boost)  
  128  9:24  Probe x2 (Chrono Boost)  
  143  9:36  Probe (Chrono Boost)  
  142  10:00  Carrier  
  148  10:21  Mothership Core (Chrono Boost), Stargate  
  153  10:22  Probe x2 (Chrono Boost)  
  153  10:23  Carrier, Probe (Chrono Boost)  
  153  10:24  Stargate  
  153  10:26  Stargate  
  153  10:27  Pylon  
  153  10:29  Pylon  
  153  10:31  Carrier, Pylon  
  159  10:40  Carrier  
  147  11:14  Carrier  
  135  11:32  Carrier x3  
  153  11:38  Carrier  
  159  11:49  Gateway x2  
  159  11:52  Gateway, Carrier  
  159  11:53  Photon Cannon  
  165  11:56  Pylon  
  165  11:57  Pylon  
  165  12:03  Pylon  
  165  12:05  Carrier, Pylon  
  165  12:07  Pylon  
  177  12:13  Stargate  
  177  12:20  Stargate  
  177  12:29  Carrier  
  176  12:42  Photon Cannon  
  176  12:43  Photon Cannon  
  182  12:45  Photon Cannon  
  182  12:50  Photon Cannon  
  182  12:53  Pylon  
  182  12:55  Protoss Shields Level 2  
  182  12:57  Carrier x2, Protoss Air Weapons Level 3  
  195  13:02  Carrier  
  192  13:15  Carrier  
  196  13:46  Mothership Core (Chrono Boost)  
  198  13:58  Photon Cannon  
  198  14:02  Photon Cannon  
  187  14:34  Carrier  
  180  14:46  Probe x3 (Chrono Boost)  
Show
View Real Time Build Order
Export as new Build Order

Buksna Zerg - Winner!

Build Orders: Hatch First, Muta Ling Bane 

Get SALT Encoding   

  12  0:01  Drone  
  13  0:08  Drone  
  14  0:17  Overlord  
  14  0:36  Drone x3  
  17  0:57  Drone  
  17  0:58  Hatchery  
  17  1:16  Spawning Pool  
  16  1:20  Drone  
  16  1:21  Drone  
  18  1:38  Overlord  
  18  1:39  Drone, Extractor  
  18  1:43  Drone  
  19  2:12  Queen  
  21  2:17  Queen  
  21  2:19  Spine Crawler, Zergling x8  
  26  2:32  Zergling x4  
  26  2:35  Drone  
  29  2:48  Drone x2  
  31  2:53  Overlord  
  31  2:54  Drone  
  32  3:09  Drone x2  
  34  3:22  Metabolic Boost  
  34  3:26  Drone x3  
  34  3:27  Drone x3  
  40  3:37  Drone x2  
  42  3:44  Overlord  
  41  4:01  Drone x2  
  41  4:02  Overlord x3  
  43  4:03  Drone  
  43  4:08  Spine Crawler  
  43  4:17  Extractor  
  43  4:18  Drone x4  
  43  4:19  Extractor  
  43  4:20  Extractor  
  43  4:22  Spore Crawler  
  43  4:27  Drone x2  
  43  4:30  Lair  
  44  4:33  Hatchery  
  40  4:43  Drone x2, Baneling Nest  
  40  4:44  Drone x2  
  43  4:48  Drone x2  
  43  4:51  Drone  
  43  4:52  Drone  
  47  4:54  Zergling x2  
  48  5:05  Lair  
  48  5:11  Spine Crawler  
  48  5:12  Drone x3  
  50  5:17  Zergling x4  
  50  5:19  Zergling x2  
  50  5:20  Zergling x2  
  54  5:27  Zergling x4  
  56  5:35  Spire  
  55  5:36  Drone x2  
  57  5:45  Drone x2  
  57  5:46  Drone x2  
  57  5:47  Drone x2  
  63  5:54  Queen  
  65  6:05  Drone x2  
  65  6:06  Drone x4  
  65  6:07  Extractor  
  65  6:09  Extractor  
  69  6:12  Spine Crawler  
  69  6:15  Centrifical Hooks  
  68  6:19  Drone  
  68  6:21  Evolution Chamber  
  68  6:23  Evolution Chamber  
  67  6:26  Overlord  
  67  6:27  Drone, Overlord  
  67  6:28  Drone  
  67  6:29  Drone  
  67  6:30  Drone  
  71  6:40  Drone x6  
  76  6:58  Zerg Melee Weapons Level 1, Zerg Ground Armor Level 1  
  76  7:03  Mutalisk x4  
  76  7:04  Mutalisk x3  
  90  7:09  Mutalisk x2  
  93  7:20  Spine Crawler  
  93  7:22  Spine Crawler  
  91  7:23  Drone x3  
  91  7:24  Drone x3  
  91  7:25  Overlord  
  91  7:26  Overlord  
  97  7:31  Overseer  
  97  7:35  Baneling x6  
  97  7:44  Hatchery  
  97  7:49  Mutalisk x3  
  97  7:50  Mutalisk  
  100  8:15  Mutalisk x4  
  108  8:25  Spore Crawler x2  
  106  8:27  Spore Crawler  
  106  8:30  Zerg Flyer Weapons Level 1, Mutalisk  
  107  8:39  Zergling x4, Overlord  
  107  8:40  Zergling x8  
  113  8:41  Overlord  
  113  8:42  Overlord x2  
  113  8:51  Overseer  
  113  8:52  Overseer  
  113  8:54  Pneumatized Carapace  
  113  8:55  Overlord  
  113  8:56  Mutalisk x3  
  119  9:09  Drone x2  
  121  9:10  Drone x7  
  121  9:11  Drone  
  121  9:16  Mutalisk x3  
  135  9:32  Mutalisk  
  135  9:33  Mutalisk  
  135  9:36  Drone, Overlord  
  135  9:37  Drone x7  
  145  9:53  Mutalisk x4  
  145  9:59  Overlord x3  
  153  10:00  Drone x3  
  153  10:03  Overseer  
  153  10:04  Spore Crawler  
  153  10:05  Spore Crawler  
  154  10:07  Mutalisk x2, Overlord  
  154  10:08  Spore Crawler  
  154  10:13  Overlord  
  154  10:14  Overlord  
  157  10:26  Spore Crawler  
  156  10:42  Extractor x2  
  156  10:49  Mutalisk x6  
  157  11:00  Mutalisk x2  
  119  11:13  Mutalisk x2  
  123  11:25  Zerg Flyer Armor Level 1  
  123  11:26  Infestation Pit  
  123  11:30  Zergling x2  
  123  11:31  Zergling x14  
  130  11:39  Overlord  
  130  11:46  Zerg Melee Weapons Level 2  
  130  11:47  Hatchery, Zerg Ground Armor Level 2  
  129  11:48  Hatchery  
  129  11:50  Hatchery  
  124  12:03  Mutalisk x2  
  127  12:12  Zergling x8  
  127  12:15  Extractor  
  127  12:30  Mutalisk x5  
  126  12:47  Mutalisk x2  
  122  13:14  Mutalisk x2  
  122  13:15  Mutalisk x3  
  132  13:20  Zergling x10  
  132  13:21  Zergling x12  
  132  13:24  Drone x4  
  147  13:42  Zergling x2  
  147  13:43  Zergling x10  
  147  13:47  Mutalisk x2  
  147  13:48  Mutalisk  
  141  14:06  Mutalisk x5, Overlord  
  141  14:07  Mutalisk  
  149  14:22  Mutalisk x2  
  153  14:32  Overseer  
  153  14:41  Hive  
  153  14:42  Drone x4  
  153  14:43  Drone x6  
  163  15:02  Mutalisk x2  
  163  15:03  Mutalisk  
  169  15:10  Drone x4, Spore Crawler x3  
  169  15:11  Queen, Drone x2  
  169  15:13  Spore Crawler  
Show
View Real Time Build Order
Export as new Build Order

Miluga Terran - Winner!

Build Orders: Command Center First (CC) 

Get SALT Encoding   

  12  0:02  SCV  
  13  0:14  SCV  
  14  0:27  SCV  
  15  0:37  Supply Depot  
  15  0:54  Refinery  
  15  0:58  SCV  
  16  1:10  SCV  
  17  1:17  Command Center  
  17  1:22  SCV  
  18  1:29  Barracks  
  18  1:34  SCV  
  19  1:47  SCV  
  20  1:59  SCV  
  21  2:11  SCV, Refinery  
  22  2:19  Factory  
  22  2:29  Orbital Command  
  22  2:35  Ghost Academy  
  22  2:42  Orbital Command  
  22  2:45  Refinery  
  22  2:57  Refinery  
  22  3:06  Ghost Academy  
  22  3:14  Barracks Tech Lab  
  22  3:20  Personal Cloaking  
  22  3:25  Widow Mine  
  24  3:45  SCV x2  
  26  3:51  Supply Depot  
  26  3:52  Ghost  
  28  3:56  Nuke  
  28  4:06  Factory Tech Lab  
  28  4:14  SCV x2  
  28  4:16  Engineering Bay  
  30  4:28  SCV  
  30  4:29  SCV  
  30  4:30  Ghost Academy  
  32  4:38  Siege Tank  
  35  4:46  Nuke  
  35  4:48  SCV  
  35  4:49  SCV  
  35  4:52  Missile Turret  
  37  4:59  Hi-Sec Auto Tracking  
  37  5:01  SCV x2  
  39  5:10  Widow Mine  
  39  5:13  SCV x2  
  43  5:25  SCV  
  44  5:38  Command Center  
  44  5:47  Nuke x2  
  44  5:59  Building Armor  
  44  6:19  Nuke  
  44  6:30  Siege Tank  
  47  6:36  Supply Depot x2  
  47  6:38  Supply Depot  
  47  6:40  Supply Depot  
  47  6:50  Planetary Fortress  
  47  6:59  Command Center  
  47  7:03  Siege Tank  
  50  7:28  Missile Turret x2  
  50  7:29  Missile Turret x2  
  50  7:30  Missile Turret  
  50  7:39  Missile Turret  
  50  7:40  Missile Turret  
  50  7:42  Missile Turret  
  50  7:57  Missile Turret  
  50  7:58  Missile Turret  
  50  8:00  Missile Turret x2, SCV  
  50  8:01  SCV  
  50  8:05  Missile Turret  
  52  8:23  Planetary Fortress  
  52  8:42  Missile Turret  
  52  8:43  Missile Turret  
  52  8:46  Missile Turret  
  52  9:04  Missile Turret  
  52  9:06  Missile Turret  
  52  9:07  Siege Tank  
  55  9:10  Missile Turret  
  55  9:14  Armory  
  55  9:19  Missile Turret  
  55  9:25  Missile Turret  
  55  9:28  Missile Turret  
  55  9:32  Sensor Tower  
  55  9:39  Missile Turret  
  55  9:47  Missile Turret  
  55  9:50  Missile Turret  
  55  9:54  Missile Turret  
  53  10:19  Ghost  
  55  11:02  Missile Turret  
  55  11:05  Missile Turret  
  55  11:06  Missile Turret x2  
  55  11:07  Missile Turret  
  55  11:08  Missile Turret x2  
  55  11:09  Missile Turret  
  55  11:12  Missile Turret  
  55  11:29  Missile Turret  
  55  11:30  Missile Turret  
  55  11:31  Missile Turret  
  55  11:32  Missile Turret  
  55  11:33  Missile Turret x2  
  55  11:34  Missile Turret  
  55  11:36  Missile Turret  
  55  11:38  Missile Turret  
  55  11:56  Missile Turret  
  55  11:59  Missile Turret  
  55  12:00  Missile Turret  
  55  12:01  Missile Turret  
  55  12:08  Terran Vehicle Weapons Level 1  
  55  12:13  Siege Tank  
  58  12:19  Nuke  
  58  13:02  Nuke  
  57  13:52  Nuke  
  57  14:03  Terran Vehicle And Ship Armor Level 1  
  57  14:19  Nuke  
  57  14:33  Cyclone  
  60  14:39  Nuke  
  60  14:56  Nuke  
  60  15:04  Ghost  
  60  15:05  Siege Tank  
  63  15:42  Missile Turret  
  66  15:44  Missile Turret x2  
  66  15:46  Missile Turret x3  
  66  15:50  Missile Turret  
  66  16:02  Missile Turret  
  66  16:03  Missile Turret  
  66  16:05  Command Center  
Show
View Real Time Build Order
Export as new Build Order

HerurgRuSpb Terran - Winner!

Build Orders:  

Get SALT Encoding   

  12  0:01  SCV  
  13  0:13  SCV  
  14  0:25  Supply Depot  
  14  0:28  SCV  
  15  0:47  SCV  
  15  0:49  Barracks  
  16  0:59  SCV  
  17  1:11  SCV  
  17  1:15  Barracks  
  18  1:23  SCV  
  19  1:35  SCV  
  16  2:32  SCV  
  17  2:44  SCV, Command Center  
  18  2:55  Marine x2  
  18  2:56  SCV  
  22  3:13  Orbital Command  
  22  3:18  Marine x2  
  23  3:42  Command Center  
  23  3:46  Refinery, Supply Depot  
  23  3:51  Refinery  
  23  3:57  SCV  
  24  4:06  Marine x2  
  24  4:08  SCV  
  24  4:09  SCV  
  28  4:20  SCV  
  28  4:21  SCV, Engineering Bay  
  30  4:32  SCV  
  30  4:33  SCV, Marine  
  30  4:35  Marine  
  34  4:44  SCV  
  34  4:45  SCV  
  36  4:48  Missile Turret  
  36  4:55  Planetary Fortress  
  36  4:57  SCV, Missile Turret  
  37  5:00  SCV  
  38  5:08  Marine  
  38  5:09  SCV  
  38  5:10  Marine  
  38  5:12  SCV  
  42  5:15  Missile Turret  
  42  5:19  Refinery  
  42  5:21  SCV  
  42  5:23  Refinery  
  42  5:25  SCV  
  44  5:33  Missile Turret, SCV  
  44  5:34  SCV  
  46  5:37  SCV  
  47  5:45  SCV  
  47  5:46  SCV  
  50  5:50  SCV  
  50  5:51  Building Armor  
  50  5:58  SCV x2  
  50  6:02  SCV  
  53  6:04  Refinery  
  53  6:05  Refinery  
  53  6:09  Missile Turret  
  53  6:10  SCV x2  
  55  6:11  Missile Turret  
  55  6:14  SCV  
  56  6:22  SCV x2  
  58  6:26  SCV  
  58  6:31  Factory  
  59  6:34  SCV x2  
  59  6:36  Barracks Reactor x2  
  61  6:45  Supply Depot  
  61  6:46  Supply Depot  
  61  6:51  Engineering Bay  
  61  7:00  Command Center  
  61  7:06  SCV x3  
  64  7:08  Supply Depot  
  64  7:09  Supply Depot  
  64  7:16  Factory Reactor  
  64  7:17  Starport  
  64  7:18  SCV x2  
  66  7:25  Starport  
  66  7:30  SCV x2  
  66  7:31  Hi-Sec Auto Tracking  
  66  7:32  SCV  
  66  7:35  Terran Infantry Weapons Level 1  
  69  7:40  Supply Depot  
  69  7:42  SCV x2, Supply Depot  
  71  7:44  SCV  
  71  7:47  Starport  
  72  7:51  Starport  
  72  8:03  Starport  
  72  8:04  Armory  
  72  8:09  Starport Reactor  
  72  8:13  Viking x2  
  76  8:21  Factory Tech Lab  
  76  8:38  Starport Reactor x2  
  76  8:42  Starport, Starport Reactor  
  76  8:43  Viking x2  
  80  8:51  Missile Turret  
  80  8:52  Missile Turret x2, SCV  
  80  8:55  Missile Turret  
  81  8:56  Armory  
  81  9:01  Supply Depot  
  81  9:04  SCV  
  82  9:10  Planetary Fortress  
  82  9:12  Missile Turret  
  82  9:13  Viking  
  82  9:14  Missile Turret  
  84  9:17  Missile Turret  
  84  9:20  Missile Turret  
  84  9:25  Starport Reactor  
  84  9:27  Viking x3  
  90  9:36  Viking x2  
  94  9:40  Siege Tank  
  97  9:45  Supply Depot  
  97  9:48  Supply Depot  
  97  9:50  SCV  
  98  9:55  SCV  
  99  10:02  SCV  
  100  10:07  Terran Vehicle And Ship Armor Level 1, SCV, Terran Ship Weapons Level 1  
  100  10:09  Terran Infantry Weapons Level 2, Terran Infantry Armor Level 1  
  100  10:12  Supply Depot  
  101  10:14  Supply Depot  
  101  10:17  Viking x4  
  101  10:18  Viking  
  101  10:19  SCV  
  101  10:20  Siege Tank  
  115  10:31  SCV  
  116  10:43  SCV  
  117  10:52  Siege Tank  
  117  10:55  SCV  
  111  11:21  Viking x2  
  111  11:22  Viking x7  
  111  11:23  Viking x3  
  135  11:35  Supply Depot  
  135  11:37  Supply Depot  
  135  11:51  Viking x2  
  135  11:52  Viking x5  
  149  11:57  Supply Depot  
  149  12:02  Supply Depot  
  145  12:38  Viking x6  
  145  12:39  Viking x4  
  145  12:40  Viking x2  
  161  13:08  Viking  
  157  13:48  Terran Vehicle And Ship Armor Level 2  
  157  13:49  Terran Ship Weapons Level 2  
  157  13:55  Viking  
  157  13:56  Viking x6  
  157  13:57  Viking x5  
  157  14:01  Supply Depot  
  181  14:05  Refinery  
  181  14:06  Refinery  
  181  14:11  Supply Depot  
  181  14:12  Supply Depot  
  181  14:25  Viking  
  183  14:44  Viking x3  
  183  14:45  Viking x5  
Show
View Real Time Build Order
Export as new Build Order

Rugi Zerg 

Build Orders: Pool First, Muta Ling Bane 

Get SALT Encoding   

  12  0:01  Drone  
  13  0:13  Overlord  
  13  0:17  Drone  
  14  0:31  Drone x2  
  14  0:35  Drone  
  17  0:45  Spawning Pool  
  17  0:49  Drone  
  17  0:56  Drone  
  18  1:14  Hatchery  
  18  1:17  Drone  
  18  1:20  Drone  
  19  1:26  Extractor  
  19  1:32  Queen  
  20  1:35  Zergling x2  
  20  1:39  Drone  
  22  1:57  Overlord  
  22  2:03  Drone, Spore Crawler  
  23  2:15  Queen  
  23  2:18  Drone  
  26  2:27  Drone x2  
  28  2:37  Hatchery  
  27  2:40  Drone x2  
  27  2:42  Drone  
  30  2:47  Metabolic Boost  
  30  2:55  Overlord  
  30  2:57  Drone  
  31  2:59  Drone  
  31  3:02  Drone  
  34  3:05  Drone  
  34  3:09  Overlord  
  33  3:15  Zergling x2  
  34  3:20  Baneling Nest  
  34  3:22  Drone  
  34  3:26  Drone x3  
  37  3:28  Drone  
  37  3:32  Drone x2  
  40  3:37  Overlord  
  40  3:42  Drone  
  40  3:45  Drone  
  42  3:51  Drone x2, Evolution Chamber  
  42  3:53  Evolution Chamber  
  42  3:54  Drone  
  43  4:03  Zergling x8  
  43  4:04  Zergling x2  
  48  4:11  Drone x3  
  48  4:12  Drone  
  48  4:17  Extractor  
  51  4:28  Zerg Melee Weapons Level 1, Zerg Ground Armor Level 1  
  51  4:29  Drone x6  
  51  4:31  Drone  
  58  4:38  Extractor  
  57  4:39  Drone x3  
  57  4:40  Drone x3  
  57  4:45  Drone x2  
  64  4:47  Extractor  
  64  4:51  Overlord  
  64  4:59  Drone  
  65  5:00  Overlord  
  65  5:01  Overlord  
  65  5:07  Lair  
  65  5:11  Drone x2  
  67  5:14  Drone  
  67  5:15  Drone x5  
  67  5:18  Queen  
  75  5:22  Drone x2  
  75  5:24  Spore Crawler  
  75  5:26  Spine Crawler  
  75  5:28  Spine Crawler  
  75  5:30  Spore Crawler  
  75  5:31  Drone  
  75  5:32  Drone x2  
  75  5:34  Spore Crawler  
  75  5:38  Drone  
  75  5:39  Drone x6, Extractor  
  75  5:40  Extractor  
  80  5:44  Baneling  
  80  5:45  Baneling x8  
  80  5:58  Spore Crawler  
  80  6:02  Drone x2  
  80  6:03  Drone  
  82  6:08  Queen x3  
  88  6:16  Overlord  
  88  6:17  Centrifical Hooks, Spire  
  87  6:22  Overseer x2  
  87  6:29  Zergling x2  
  87  6:30  Zergling x2  
  87  6:32  Overlord  
  89  6:33  Overlord x2  
  89  6:36  Spore Crawler  
  89  6:37  Spore Crawler  
  87  6:40  Drone x3  
  87  6:41  Drone x2  
  87  6:42  Spore Crawler x2  
  87  6:44  Pneumatized Carapace  
  87  6:45  Baneling x4, Spore Crawler  
  89  7:08  Hatchery  
  89  7:09  Hatchery  
  89  7:11  Baneling  
  89  7:12  Zergling x16  
  89  7:13  Zergling x4  
  97  7:18  Infestation Pit  
  96  7:26  Hatchery  
  95  7:34  Zerg Melee Weapons Level 2, Zerg Ground Armor Level 2  
  95  7:36  Mutalisk  
  95  7:37  Mutalisk x4  
  95  7:39  Overlord  
  95  7:40  Overlord  
  95  7:41  Overlord  
  105  7:51  Zerg Flyer Weapons Level 1  
  105  8:12  Corruptor x2  
  105  8:13  Corruptor x4  
  105  8:18  Hive  
  117  8:27  Drone x8  
  117  8:30  Drone  
  117  8:31  Drone x4  
  129  8:39  Spore Crawler  
  129  8:40  Spore Crawler  
  127  8:41  Spore Crawler  
  127  8:43  Spore Crawler  
  127  8:47  Corruptor x2  
  127  8:48  Corruptor x2  
  129  9:03  Spore Crawler  
  129  9:04  Spore Crawler  
  129  9:05  Spore Crawler  
  129  9:08  Spore Crawler  
  129  9:09  Spore Crawler  
  124  9:10  Spore Crawler  
  124  9:11  Spore Crawler x2  
  124  9:12  Spore Crawler x2  
  124  9:14  Drone x3  
  124  9:16  Drone x5  
  110  9:51  Corruptor x3  
  110  9:52  Corruptor x5  
  105  10:13  Corruptor x2  
  105  10:14  Corruptor x5  
  119  10:22  Corruptor x2  
  119  10:23  Unknown  
  113  10:42  Corruptor x3  
  103  11:10  Corruptor x3  
  103  11:11  Corruptor  
  101  11:17  Corruptor  
  95  11:27  Corruptor  
  95  11:28  Corruptor  
  95  11:30  Zergling x8  
  95  11:31  Zergling x14  
  95  11:32  Zergling x8  
  114  11:36  Baneling x2  
  114  11:37  Baneling x2  
  114  11:44  Corruptor  
  116  11:50  Hatchery  
  115  11:56  Zergling x4  
  115  11:57  Zergling x8  
  115  11:58  Corruptor  
  125  12:02  Baneling x2  
  125  12:03  Baneling  
  125  12:08  Baneling x7  
  109  12:48  Overlord x2  
  95  13:06  Corruptor x6  
  95  13:07  Corruptor x2  
  99  13:28  Corruptor x2  
  99  13:29  Corruptor  
  96  13:36  Zergling x2  
  96  13:37  Zergling x6  
  96  13:38  Zergling x14  
  104  13:55  Corruptor x2  
  87  13:58  Zergling x2  
  87  13:59  Zergling x4  
  50  14:24  Corruptor x3  
Show
View Real Time Build Order
Export as new Build Order

dallaskuken Protoss 

Build Orders: Cannon Rush 

Get SALT Encoding   

  12  0:01  Probe (Chrono Boost)  
  13  0:12  Probe (Chrono Boost)  
  14  0:18  Pylon  
  14  0:37  Probe (Chrono Boost)  
  14  0:41  Forge  
  15  0:47  Probe (Chrono Boost)  
  16  1:07  Pylon  
  16  1:16  Probe (Chrono Boost)  
  17  1:27  Photon Cannon  
  17  1:29  Photon Cannon  
  17  1:35  Pylon  
  17  1:38  Photon Cannon  
  17  1:47  Photon Cannon  
  17  1:49  Pylon  
  17  2:03  Pylon  
  17  2:12  Pylon  
  16  2:29  Probe (Chrono Boost)  
  17  2:37  Pylon  
  17  2:40  Gateway, Probe (Chrono Boost)  
  18  2:46  Assimilator  
  18  2:50  Probe (Chrono Boost)  
  19  2:56  Photon Cannon  
  19  2:59  Gateway  
  19  3:01  Probe (Chrono Boost)  
  19  3:02  Photon Cannon  
  20  3:11  Probe (Chrono Boost)  
  21  3:22  Probe (Chrono Boost)  
  22  3:34  Nexus  
  22  3:38  Cybernetics Core  
  22  3:46  Assimilator  
  22  3:49  Zealot  
  24  4:14  Pylon  
  24  4:35  Robotics Facility  
  24  4:38  Pylon  
  24  4:42  Probe (Chrono Boost)  
  25  4:51  Probe (Chrono Boost)  
  27  4:54  Probe (Chrono Boost)  
  27  5:02  Probe (Chrono Boost)  
  27  5:05  Probe (Chrono Boost)  
  29  5:07  Stalker  
  29  5:13  Probe (Chrono Boost)  
  32  5:15  Probe (Chrono Boost)  
  33  5:23  Probe (Chrono Boost)  
  33  5:26  Probe (Chrono Boost)  
  35  5:34  Probe (Chrono Boost)  
  35  6:13  Pylon  
  35  6:20  Pylon  
  35  6:44  Probe (Chrono Boost)  
  36  6:48  Photon Cannon x2  
  36  6:51  Observer  
  37  6:54  Probe (Chrono Boost)  
  38  7:05  Probe (Chrono Boost)  
  38  7:08  Protoss Shields Level 1  
  39  7:12  Robotics Bay  
  39  7:19  Pylon  
  39  7:22  Pylon x2  
  39  7:23  Pylon  
  39  7:29  Probe (Chrono Boost)  
  40  7:38  Assimilator  
  40  7:39  Assimilator  
  40  7:40  Probe (Chrono Boost)  
  40  7:43  Warp Gate  
  41  7:50  Probe (Chrono Boost)  
  42  8:00  Robotics Facility, Colossus  
  42  8:01  Probe (Chrono Boost)  
  42  8:02  Robotics Facility  
  49  8:11  Probe (Chrono Boost)  
  50  8:29  Nexus  
  50  8:32  Extended Thermal Lance, Pylon  
  50  8:34  Pylon  
  50  8:37  Photon Cannon  
  50  8:57  Colossus  
  50  9:02  Colossus  
  62  9:13  Photon Cannon  
  62  9:16  Photon Cannon  
  62  9:19  Assimilator  
  62  9:21  Assimilator  
  62  9:23  Probe (Chrono Boost)  
  63  9:25  Probe (Chrono Boost)  
  63  9:30  Colossus  
  70  9:35  Probe (Chrono Boost)  
  70  9:36  Probe (Chrono Boost)  
  72  9:42  Protoss Ground Weapons Level 1  
  73  9:46  Probe (Chrono Boost)  
  73  9:47  Probe (Chrono Boost)  
  73  9:50  Twilight Council  
  74  9:57  Probe (Chrono Boost)  
  74  9:58  Probe (Chrono Boost)  
  74  9:59  Probe (Chrono Boost)  
  77  10:07  Probe (Chrono Boost)  
  77  10:09  Probe (Chrono Boost)  
  77  10:11  Probe (Chrono Boost)  
  74  10:20  Probe (Chrono Boost)  
  75  10:21  Colossus  
  75  10:23  Colossus  
  75  10:26  Colossus  
  93  10:30  Probe (Chrono Boost)  
  94  10:39  Probe (Chrono Boost)  
  94  10:41  Probe (Chrono Boost)  
  96  10:45  Zealot x2  
  100  10:51  Probe (Chrono Boost)  
  100  10:52  Probe (Chrono Boost)  
  102  11:02  Probe (Chrono Boost)  
  102  11:04  Probe (Chrono Boost)  
  104  11:12  Zealot x2, Probe (Chrono Boost)  
  104  11:16  Probe (Chrono Boost)  
  110  11:28  Probe (Chrono Boost)  
  111  11:33  Gateway  
  111  11:34  Gateway, Colossus  
  111  11:35  Protoss Shields Level 2, Colossus  
  111  11:37  Gateway  
  111  11:39  Gateway  
  123  11:40  Gateway  
  123  12:07  Colossus  
  123  12:10  Pylon  
  123  12:11  Pylon  
  123  12:12  Pylon  
  123  12:14  Pylon  
  117  12:16  Pylon  
  117  12:17  Pylon  
  117  12:28  Colossus  
  117  12:29  Colossus  
  129  12:48  Stalker x4  
  129  12:49  Stalker x2  
  129  12:50  Stalker  
  143  13:10  Colossus  
  143  13:21  Colossus  
  117  14:01  Stalker x4  
  117  14:02  Stalker x2  
  127  14:03  Stalker  
Show
View Real Time Build Order
Export as new Build Order

Loken Protoss 

Build Orders:  

Get SALT Encoding   

  12  0:02  Probe (Chrono Boost)  
  13  0:12  Probe (Chrono Boost)  
  14  0:21  Pylon  
  14  0:24  Probe (Chrono Boost)  
  15  0:45  Probe (Chrono Boost)  
  16  0:56  Probe (Chrono Boost)  
  17  1:06  Nexus  
  17  1:10  Probe (Chrono Boost)  
  18  1:20  Probe (Chrono Boost)  
  18  1:23  Pylon  
  19  1:29  Assimilator  
  19  1:33  Probe (Chrono Boost)  
  19  1:34  Assimilator  
  20  1:43  Probe (Chrono Boost)  
  21  1:49  Gateway  
  22  1:54  Probe (Chrono Boost)  
  22  2:05  Probe (Chrono Boost)  
  23  2:15  Probe (Chrono Boost)  
  24  2:20  Probe (Chrono Boost)  
  25  2:26  Probe (Chrono Boost)  
  26  2:30  Probe (Chrono Boost)  
  26  2:36  Probe (Chrono Boost)  
  28  2:37  Cybernetics Core  
  28  2:41  Probe (Chrono Boost)  
  29  2:47  Assimilator, Probe (Chrono Boost)  
  29  2:49  Assimilator  
  30  2:52  Probe (Chrono Boost)  
  30  2:57  Probe (Chrono Boost)  
  32  3:02  Probe (Chrono Boost)  
  33  3:08  Probe (Chrono Boost)  
  35  3:13  Probe (Chrono Boost)  
  35  3:18  Probe (Chrono Boost)  
  36  3:23  Probe (Chrono Boost)  
  37  3:28  Stargate  
  37  3:29  Probe (Chrono Boost)  
  37  3:30  Stargate  
  37  3:34  Stargate, Probe (Chrono Boost)  
  39  3:39  Probe (Chrono Boost)  
  40  3:41  Pylon  
  40  3:44  Probe (Chrono Boost)  
  40  3:46  Pylon  
  41  3:50  Probe (Chrono Boost)  
  41  3:55  Probe (Chrono Boost)  
  43  4:00  Stalker, Probe (Chrono Boost)  
  46  4:05  Probe (Chrono Boost)  
  46  4:09  Protoss Air Weapons Level 1  
  47  4:11  Probe (Chrono Boost)  
  47  4:16  Probe (Chrono Boost)  
  49  4:20  Void Ray  
  49  4:21  Void Ray  
  49  4:22  Probe (Chrono Boost)  
  58  4:30  Void Ray  
  62  4:39  Pylon  
  62  4:42  Pylon  
  62  4:57  Pylon, Probe x2 (Chrono Boost)  
  64  5:02  Pylon  
  64  5:07  Pylon  
  64  5:08  Probe x2 (Chrono Boost)  
  66  5:17  Void Ray  
  66  5:18  Probe x2 (Chrono Boost), Void Ray  
  76  5:24  Void Ray  
  80  5:29  Probe x2 (Chrono Boost)  
  82  5:39  Probe x2 (Chrono Boost)  
  82  5:41  Nexus  
  84  6:07  Void Ray x3  
  96  6:18  Nexus  
  96  6:21  Pylon  
  96  6:24  Pylon  
  96  6:28  Pylon  
  96  6:49  Pylon  
  96  6:51  Pylon  
  97  6:54  Pylon, Probe x2 (Chrono Boost)  
  97  6:55  Probe (Chrono Boost)  
  99  7:05  Probe x3 (Chrono Boost)  
  102  7:11  Forge  
  102  7:14  Assimilator  
  102  7:15  Probe x2 (Chrono Boost)  
  104  7:16  Probe (Chrono Boost)  
  104  7:17  Void Ray x2  
  104  7:19  Assimilator  
  113  7:25  Void Ray  
  113  7:26  Probe x3 (Chrono Boost)  
  113  7:29  Protoss Air Armor Level 1  
  120  7:36  Probe x2 (Chrono Boost)  
  123  7:37  Probe (Chrono Boost)  
  123  7:40  Probe (Chrono Boost)  
  124  7:47  Probe x3 (Chrono Boost)  
  124  7:50  Probe (Chrono Boost)  
  128  7:57  Probe (Chrono Boost)  
  128  7:58  Probe x2 (Chrono Boost)  
  127  8:00  Void Ray x2  
  127  8:01  Probe (Chrono Boost)  
  129  8:08  Probe x3 (Chrono Boost)  
  129  8:18  Photon Cannon  
  126  8:20  Photon Cannon  
  126  8:22  Photon Cannon  
  126  8:26  Photon Cannon  
  126  8:28  Probe x4 (Chrono Boost)  
  126  8:29  Photon Cannon  
  126  8:31  Photon Cannon  
  126  8:34  Photon Cannon  
  130  8:36  Photon Cannon, Void Ray  
  130  8:39  Probe x3 (Chrono Boost)  
  133  8:42  Void Ray x2  
  145  9:04  Photon Cannon  
  145  9:05  Photon Cannon  
  145  9:08  Photon Cannon  
  145  9:16  Pylon  
  145  9:18  Pylon  
  145  9:22  Pylon  
  145  9:23  Void Ray  
  145  9:24  Void Ray  
  145  9:25  Pylon  
  145  9:27  Pylon  
  145  9:29  Void Ray  
  145  9:30  Assimilator  
  157  9:34  Assimilator  
  157  9:37  Pylon  
  157  9:39  Pylon  
  157  9:42  Pylon  
  157  9:45  Stargate  
  157  9:48  Stargate x2  
  157  9:52  Fleet Beacon  
  157  10:05  Cybernetics Core  
  157  10:06  Cybernetics Core  
  101  11:11  Void Ray x2  
  101  11:16  Void Ray  
  101  11:17  Void Ray x2  
  101  11:18  Void Ray  
  101  11:34  Photon Cannon  
  101  11:35  Photon Cannon  
  101  11:40  Photon Cannon  
  101  11:42  Photon Cannon  
  101  11:47  Photon Cannon  
  101  11:50  Protoss Air Weapons Level 2, Protoss Air Armor Level 2  
  101  11:51  Void Ray x2  
  101  11:52  Photon Cannon  
  101  11:53  Photon Cannon  
  101  11:56  Photon Cannon  
  101  11:59  Photon Cannon, Void Ray  
  101  12:00  Photon Cannon, Void Ray x2  
  101  12:01  Void Ray  
  125  12:02  Photon Cannon  
  125  12:04  Photon Cannon  
  125  12:07  Photon Cannon  
  125  12:09  Photon Cannon  
  125  12:10  Warp Gate  
  125  12:11  Photon Cannon  
  125  12:34  Void Ray x2  
  133  12:42  Void Ray  
  133  12:43  Void Ray x3  
  149  12:46  Protoss Shields Level 1  
  149  13:17  Void Ray x2  
  157  13:25  Void Ray x2  
  157  13:26  Void Ray x2  
  173  14:10  Void Ray x2  
  173  14:11  Void Ray x3  
  173  14:12  Void Ray  
Show
View Real Time Build Order
Export as new Build Order

FrogMint Zerg 

Build Orders: Pool First 

Get SALT Encoding   

  12  0:01  Drone  
  13  0:14  Overlord  
  13  0:17  Drone  
  14  0:32  Drone x2  
  16  0:40  Drone  
  17  0:45  Extractor  
  17  0:47  Drone  
  17  0:57  Spawning Pool, Drone  
  17  1:10  Drone  
  18  1:20  Drone  
  19  1:31  Hatchery  
  18  1:35  Drone  
  19  1:40  Drone  
  19  1:45  Queen  
  22  1:51  Metabolic Boost  
  22  2:00  Overlord  
  22  2:09  Overlord  
  22  2:19  Drone  
  23  2:27  Zergling x2  
  24  2:35  Queen  
  24  2:36  Drone  
  27  2:47  Queen, Drone  
  27  2:50  Overlord  
  30  2:55  Drone x3  
  33  3:03  Drone  
  34  3:08  Drone  
  34  3:12  Drone x2  
  37  3:24  Drone x2  
  39  3:30  Drone  
  39  3:33  Zergling x2  
  41  3:45  Roach Warren  
  41  3:47  Drone x4  
  44  3:55  Spine Crawler  
  44  4:00  Zergling x6  
  46  4:18  Zergling x2  
  47  4:30  Roach x2  
  51  4:44  Drone  
  52  4:46  Overlord x2  
  52  4:48  Lair  
  52  4:51  Extractor  
  51  4:54  Ravager  
  51  4:57  Overlord x2  
  52  5:29  Drone x4, Overlord  
  52  5:30  Drone x3, Overlord  
  59  5:45  Overseer  
  59  5:49  Overseer  
  59  6:00  Roach x6  
  59  6:01  Roach  
  73  6:06  Pneumatized Carapace  
  73  6:07  Glial Reconstitution  
  73  6:56  Roach  
  73  6:57  Roach x6  
  87  7:18  Roach x2  
  91  7:23  Overlord x3  
  91  7:31  Hatchery, Extractor  
  91  7:33  Extractor  
  88  7:39  Hydralisk Den  
  87  7:49  Roach  
  87  7:50  Roach x4  
  97  7:56  Roach x7  
  111  8:02  Overlord  
  111  8:22  Ravager x2  
  111  8:24  Ravager  
  114  8:53  Hydralisk  
  114  8:54  Hydralisk x5  
  126  9:06  Queen  
  128  9:12  Muscular Augments  
  128  9:19  Spore Crawler  
  128  9:20  Spore Crawler  
  128  9:21  Spore Crawler  
  128  9:23  Spore Crawler  
  124  9:24  Spore Crawler  
  124  9:25  Spore Crawler  
  124  9:30  Drone x3  
  125  9:31  Drone  
  125  9:42  Queen, Hydralisk  
  123  9:58  Hydralisk x3  
  129  10:10  Overlord  
  129  10:11  Overlord x3  
  127  10:18  Queen  
  127  10:19  Hydralisk  
  127  10:20  Hydralisk  
  129  10:30  Hydralisk x3  
  129  10:31  Hydralisk x7  
  149  10:45  Overseer  
  147  11:16  Hydralisk x3  
  153  11:20  Overlord x5  
  153  11:21  Overlord  
  151  11:43  Hydralisk x2  
  151  11:44  Hydralisk x6  
  151  11:45  Hydralisk x2  
  171  11:54  Hydralisk x2  
  171  11:55  Hydralisk  
  171  11:57  Overlord x2  
  171  11:58  Overlord  
  177  12:25  Hydralisk x5  
  177  12:26  Hydralisk  
  173  12:37  Hydralisk  
  173  12:38  Hydralisk  
  64  13:30  Hydralisk x6  
  64  13:31  Hydralisk x4  
  80  14:10  Hydralisk  
  80  14:11  Hydralisk x7  
  94  14:42  Hydralisk x3  
  94  14:43  Hydralisk  
  102  14:52  Hydralisk x2  
  106  15:06  Overlord  
  106  15:07  Overlord x5  
  106  15:15  Overlord x3  
  80  15:40  Hydralisk  
  80  15:41  Hydralisk x6  
Tags
 
Add a new tag
Caveats
  • Supply blocks, unpowered buildings, or Contaminate may cause inaccurate times.
  • Supply counts are checked every 10 seconds.